 Dungeon Crawl Stone Soup version 0.14.0-12-g87ee3b7 (webtiles) character file.

53 Bloax the Magician (level 1, 0/9 HPs)
             Began as a Vine Stalker Wizard on Apr 16, 2014.
             Slain by an adder (2 damage)
             ... on Level 2 of the Dungeon.
             The game lasted 00:03:13 (321 turns).

Bloax the Magician (Vine Stalker Wizard)             Turns: 321, Time: 00:03:13

HP   0/9         AC  3     Str  9      XL: 1   Next: 90%
MP   0/4         EV 10     Int 18      God:
Gold 47          SH  0     Dex 12      Spells:  1 memorised,  5 levels left

rFire  . . .     SeeInvis .     e - +0,+1 dagger
rCold  . . .     Clarity  .     f - +0 leather armour
rNeg   . . .     Conserve .     (no shield)
rPois  .         rCorr    .     b - +0 hat
rElec  .         rRot     +     (no cloak)
SustAb . .       Spirit   +     (no gloves)
rMut   .         Warding  .     (no boots)
Saprov . . .     Stasis   .     (no amulet)
MR     .....                    (no ring)
                                (no ring)

@: not resistant to hostile enchantments, fairly stealthy
A: fangs 2, regeneration 1, magic shield, antimagic bite, no device heal
a: no special abilities


You were on level 2 of the Dungeon.
You were not hungry.

You visited 1 branch of the dungeon, and saw 2 of its levels.

You collected 47 gold pieces.


Innate Abilities, Weirdness & Mutations

You are immune to rotting.
You have extremely sharp teeth.
Your natural rate of healing is unusually fast.
When hurt, damage is shared between your health and your magic reserves.
Your bite disrupts and absorbs the magic of your enemies.
Potions and wands cannot restore your HP.


   Skills:
 + Level 0.1 Short Blades
 - Level 1.5 Dodging
 - Level 2.4 Stealth
 + Level 3.4 Spellcasting
 + Level 1.4 Conjurations
   Level 1.0 Summonings
   Level 1.0 Translocations


You had 5 spell levels left.
You knew the following spells:

 Your Spells              Type           Power        Failure   Level  Hunger
a - Magic Dart            Conj           #...         12%         1    None


Dungeon Overview and Level Annotations

Branches:
Dungeon (2/15)

Altars:
Yredelemnul

Annotations:
D:2 wtf bees, Ijyb

Inventory:

Hand weapons
 e - a +0,+1 dagger (weapon)
   (You took it off a goblin on level 1 of the Dungeon)
Armour
 b - a +0 hat (worn)
 f - a +0 leather armour (worn)
   (You found it on level 1 of the Dungeon)
Comestibles
 d - 2 bread rations
Scrolls
 i - a scroll of enchant weapon I {unknown}
 j - a scroll of remove curse {unknown}
Books
 c - a book of Minor Magic

   Spells                             Type                      Level
   *Magic Dart                        Conjuration                  1
   Blink                              Translocation                2
   Call Imp                           Summoning                    2
   Repel Missiles                     Charms/Air                   2
   Slow                               Hexes                        2
   Conjure Flame                      Conjuration/Fire             3
   Mephitic Cloud                     Conjuration/Poison/Air       3

########## #......@.#
#.######S# #.#~¤~~#g#
#.#¤¤8~'.# #
########.#¤¤¤¤'.##.##
##........#¤¤¤~#....>#
##..######.######.#.###
#..## #........#.# ..##
########## #


You could see Ijyb and an adder.


Message History

Unknown command.
Ijyb barely misses you.
Found a stone staircase leading down.
Casting: Magic Dart
Aiming: Magic Dart
Aim: Ijyb wearing a leather armour (lightly wounded)
The magic dart hits Ijyb.
Ijyb is lightly wounded.
Unknown command.
Casting: Magic Dart
Aiming: Magic Dart
Aim: Ijyb wearing a leather armour (lightly wounded)
The magic dart hits Ijyb.
Ijyb is lightly wounded.
Ijyb hits you.
Unknown command.
You hit Ijyb.
Ijyb is lightly wounded.
Ijyb hits you but does no damage.
You closely miss Ijyb.
Ijyb is lightly wounded.
Ijyb hits you.
You hit Ijyb but do no damage.
Ijyb is lightly wounded.
Ijyb closely misses you.
You hit Ijyb but do no damage.
Ijyb is lightly wounded.
Ijyb barely misses you.
You hit Ijyb.
Ijyb is moderately wounded.
Ijyb hits you.
You hit Ijyb but do no damage.
Ijyb is moderately wounded.
Ijyb hits you.
* * * LOW HITPOINT WARNING * * *
Casting: Magic Dart
Aiming: Magic Dart
Aim: Ijyb wearing a leather armour (moderately wounded)
The magic dart hits Ijyb.
Ijyb is moderately wounded.
Ijyb closely misses you.
Unknown command.
You hit Ijyb but do no damage.
Ijyb is moderately wounded.
Ijyb hits you but does no damage.
You hit Ijyb but do no damage.
Ijyb is moderately wounded.
Ijyb hits you.
You miss Ijyb.
Ijyb is moderately wounded.
Ijyb hits you.
An adder comes into view.
You hit Ijyb but do no damage. You bite Ijyb, but do no damage.
Ijyb is moderately wounded.
Ijyb hits you but does no damage. The adder barely misses you.
The adder barely misses you. The adder bites you.
There is a large open door here.
The adder bites you.
Ouch! That really hurt!
* * * LOW HITPOINT WARNING * * *
Read which item? (? for menu, Esc to quit)
As you read the scroll labeled GUESKUNUSA, it crumbles to dust.
It is a scroll of enchant weapon II.
Enchant which weapon? (? for menu, Esc to quit)
You don't have any such object.
Enchant which weapon? (? for menu, Esc to quit)
Your +0,+0 dagger glows red for a moment.
The adder bites you.
You die...

Action                   || total
-------------------------++-------
Melee: Dagger            ||    27
       Unarmed           ||     3
 Cast: Magic Dart        ||    11
  Use: Scroll            ||     2
       Potion            ||     2

Vault maps used:
D:1:      mrwooster_arrival_statue_2, minmay_misc_feat_tiny, st_stairs_6
D:2:      kennysheep_big_flooded_room, general_overflow_altar,
          old_standard_altar, uniq_iyjb

Notes
Turn   | Place    | Note
--------------------------------------------------------------
     0 | D:1      | Bloax, the Vine Stalker Wizard, began the quest for the Orb.
     0 | D:1      | Reached XP level 1. HP: 9/9 MP: 4/4
   187 | D:2      | Noticed a killer bee
   188 | D:2      | omfg
   245 | D:2      | Noticed Ijyb
   246 | D:2      | Found a basalt altar of Yredelemnul.
   319 | D:2      | HP: 2/9 [adder (5)]
   321 | D:2      | Slain by an adder

Vanquished Creatures
  A goblin (D:1)
  A hobgoblin (D:2)
  3 bats
  2 rats (D:2)
7 creatures vanquished.
